Map: El Dorado

Players

THORAX

  • Race: Terran Terran
  • League: Silver
  • Spawn Location: 5:00

iPlayDefense - Winner!

  • Race: Terran Terran
  • League: Silver
  • Spawn Location: 7:00

VOD

Have the link to the VOD?

Description

Time

  • Played on: April 13, 2025, 11:40 a.m.
  • Length: 20:09
Show
View Real Time Build Order
Export as new Build Order

THORAX Terran 

Build Orders: Command Center First 

Get SALT Encoding   

  12  1:20  Refinery  
  12  1:28  SCV  
  13  1:40  SCV  
  14  1:52  Supply Depot  
  14  2:10  SCV  
  15  2:18  Command Center  
  15  2:22  SCV  
  16  2:24  Barracks  
  16  2:34  SCV  
  17  2:46  SCV  
  18  2:58  SCV  
  19  3:09  Supply Depot  
  19  3:10  SCV  
  20  3:13  Supply Depot  
  20  3:14  Marine  
  21  3:23  SCV  
  22  3:31  Marine  
  23  3:48  Command Center  
  23  3:49  Marine  
  24  3:58  SCV  
  25  4:07  Marine  
  26  4:10  SCV  
  27  4:22  SCV  
  28  4:25  Marine, Bunker  
  29  4:34  SCV  
  29  4:36  SCV  
  31  4:43  Marine  
  31  4:45  Refinery  
  32  4:48  SCV  
  32  4:49  Refinery  
  33  5:00  Marine  
  33  5:01  SCV  
  35  5:11  SCV  
  35  5:13  SCV  
  37  5:18  Marine  
  38  5:23  SCV  
  38  5:25  SCV  
  40  5:35  SCV  
  40  5:36  Marine  
  40  5:37  SCV  
  43  5:44  SCV  
  43  5:47  SCV  
  43  5:49  SCV  
  46  5:54  Marine, Factory  
  46  5:56  Factory  
  46  5:57  SCV  
  48  5:59  Factory  
  48  6:01  SCV  
  48  6:04  SCV  
  50  6:05  Supply Depot  
  50  6:12  Supply Depot, Marine  
  50  6:13  SCV  
  50  6:16  SCV, Refinery  
  53  6:23  Bunker  
  53  6:28  SCV  
  53  6:30  Marine, Engineering Bay  
  55  6:36  Bunker  
  55  6:40  SCV  
  55  6:45  Factory Tech Lab  
  55  6:46  Factory Tech Lab  
  56  6:52  SCV, Factory Tech Lab  
  57  7:03  Command Center  
  57  7:06  SCV  
  57  7:18  SCV  
  58  7:30  SCV, Refinery  
  59  7:42  SCV  
  60  8:05  Planetary Fortress  
  60  8:16  Siege Tank x3  
  69  8:24  Missile Turret  
  69  8:40  SCV  
  70  8:47  Missile Turret  
  73  8:48  Siege Tank x3  
  73  8:49  SCV  
  73  8:52  SCV  
  73  8:54  Missile Turret  
  81  8:55  Marine  
  81  9:01  SCV  
  81  9:02  Mag-Field Accelerator  
  83  9:13  SCV, Marine  
  83  9:14  Starport  
  85  9:17  Starport  
  85  9:18  Starport  
  85  9:20  Missile Turret  
  85  9:24  Command Center  
  85  9:52  Starport Tech Lab  
  85  9:55  Starport Tech Lab  
  85  9:56  Starport Tech Lab  
  85  10:06  Fusion Core  
  85  10:12  Armory  
  85  10:13  Armory  
  85  10:17  Armory  
  85  10:35  Supply Depot  
  85  10:36  Raven x3, SCV, Marine, Cyclone x2  
  85  10:40  Supply Depot  
  99  10:47  Supply Depot  
  99  10:52  Supply Depot  
  99  10:53  Marine  
  99  10:55  Weapon Refit  
  100  10:59  Supply Depot  
  100  11:01  Terran Ship Weapons Level 1  
  100  11:03  Terran Vehicle And Ship Armor Level 1  
  100  11:07  Supply Depot, Terran Vehicle Weapons Level 1  
  100  11:10  Banshee x3  
  109  11:11  Marine  
  109  11:14  Supply Depot, Thor  
  116  11:20  Refinery  
  116  11:26  Refinery  
  116  11:27  SCV  
  116  11:29  Marine  
  118  11:33  Refinery  
  118  11:39  SCV  
  119  11:50  Refinery  
  119  11:51  SCV  
  120  12:01  Missile Turret  
  120  12:16  Missile Turret  
  120  12:25  Missile Turret  
  120  12:37  SCV, Refinery  
  120  12:43  SCV  
  122  12:50  SCV  
  123  12:56  SCV  
  123  12:58  Battlecruiser  
  130  12:59  Battlecruiser  
  130  13:00  Battlecruiser  
  130  13:02  SCV  
  143  13:08  SCV  
  144  13:14  SCV  
  144  13:16  Terran Ship Weapons Level 2  
  145  13:20  SCV  
  145  13:26  SCV  
  147  13:32  SCV  
  148  14:02  Battlecruiser  
  154  14:34  Terran Vehicle And Ship Armor Level 2  
  154  14:36  Terran Vehicle Weapons Level 2  
  154  14:53  Supply Depot  
  154  14:56  Supply Depot  
  154  15:04  Missile Turret  
  154  15:13  Planetary Fortress  
  154  15:15  Battlecruiser  
  154  15:18  Battlecruiser x2  
  142  16:11  Terran Ship Weapons Level 3  
  136  16:19  Supply Depot, Viking  
  136  16:22  Viking x2  
  110  16:49  Viking  
  110  16:52  Viking x2  
  92  17:11  Cyclone  
  92  17:13  Barracks Tech Lab  
  100  17:19  Viking  
  100  17:22  Viking  
  80  17:44  Widow Mine  
  78  17:52  Battlecruiser  
  74  18:06  Widow Mine  
  39  19:47  Fusion Core  
Show
View Real Time Build Order
Export as new Build Order

iPlayDefense Terran - Winner!

Build Orders:  

Get SALT Encoding   

  12  0:00  SCV  
  13  0:16  Supply Depot  
  13  0:21  Refinery  
  13  0:24  SCV  
  14  0:37  SCV  
  15  0:44  Barracks  
  15  0:49  SCV  
  16  1:01  SCV  
  17  1:10  Supply Depot  
  17  1:13  SCV  
  18  1:32  Barracks Reactor  
  18  1:33  Orbital Command  
  18  1:50  Engineering Bay  
  18  2:09  Marine  
  18  2:10  Marine  
  20  2:19  SCV  
  20  2:22  Terran Infantry Weapons Level 1  
  21  2:27  Marine, Barracks  
  21  2:28  Marine  
  23  2:31  SCV  
  24  2:41  Barracks  
  24  2:45  Marine  
  24  2:46  Marine  
  26  3:03  Marine x2  
  28  3:08  Factory  
  28  3:17  Barracks Tech Lab  
  28  3:27  Barracks Tech Lab  
  28  3:30  Supply Depot  
  28  3:36  Combat Shield  
  28  3:42  Refinery  
  28  3:53  Supply Depot  
  28  3:54  Factory Reactor  
  28  4:16  Supply Depot  
  28  4:20  Command Center  
  28  4:21  Stimpack  
  28  4:27  SCV  
  28  4:28  Marine x2  
  31  4:39  SCV  
  31  4:41  Supply Depot  
  32  4:51  SCV  
  33  5:13  SCV  
  34  5:16  Marine x4  
  34  5:20  Hellion x2  
  42  5:25  SCV  
  42  5:27  Supply Depot  
  43  5:34  Marine x3  
  46  5:37  SCV  
  46  5:42  Hellion x2  
  51  5:43  Orbital Command  
  51  5:44  Armory  
  51  6:02  Barracks  
  51  6:04  Barracks  
  51  6:09  Hellion  
  53  6:11  Hellion  
  53  6:16  SCV x2  
  57  6:18  Marine  
  58  6:28  SCV  
  59  6:59  Barracks Reactor  
  59  7:00  Barracks Reactor  
  59  7:01  Terran Infantry Weapons Level 2  
  59  7:23  Supply Depot  
  59  7:27  SCV x2, Marine  
  59  7:28  Starport, Marine x4  
  66  7:39  SCV  
  67  7:45  Marine  
  67  7:46  Marine x4  
  60  8:03  Marine  
  60  8:04  Marine x4  
  65  8:20  SCV x2  
  65  8:21  Marine x6  
  65  8:22  Marine  
  65  8:23  Thor  
  80  8:28  Starport Reactor  
  80  8:31  Supply Depot  
  80  8:32  SCV  
  81  8:39  Refinery  
  81  8:40  Refinery  
  81  8:53  SCV x2, Marine  
  81  8:54  Marine x6  
  90  8:57  Marine x2  
  92  9:05  SCV, Thor, Terran Vehicle Weapons Level 1  
  99  9:11  Marine  
  99  9:13  Supply Depot  
  100  9:18  Terran Infantry Armor Level 1  
  100  9:22  Supply Depot  
  100  9:25  Medivac  
  102  9:45  Medivac  
  102  9:47  Barracks Reactor  
  102  9:48  Thor  
  110  10:24  Barracks Reactor  
  110  10:31  SCV x2, Thor  
  118  10:42  Supply Depot  
  118  10:43  Supply Depot  
  118  10:59  Terran Vehicle And Ship Armor Level 1  
  118  11:03  Marine x7  
  118  11:04  SCV  
  126  11:05  Supply Depot  
  126  11:06  Supply Depot  
  126  11:12  Terran Infantry Weapons Level 3  
  126  11:14  Thor  
  132  11:21  Marine x2  
  134  11:26  Marine x4  
  138  11:37  SCV x2, Marine x3  
  138  11:39  Marine  
  144  11:40  Command Center  
  144  11:45  Medivac x2  
  148  11:57  Supply Depot x2  
  148  12:11  Marine x2  
  150  12:18  Marine x7  
  150  12:19  Thor  
  163  12:27  Supply Depot  
  163  12:28  Supply Depot  
  163  12:29  Marine x2  
  165  12:36  Marine  
  166  12:48  Marine x6, Medivac  
  166  12:49  Medivac  
  176  12:54  Supply Depot  
  176  12:56  Supply Depot  
  176  12:59  Orbital Command  
  176  13:01  Thor  
  182  13:11  Terran Vehicle Weapons Level 2  
  182  13:44  Thor  
  188  13:48  Terran Infantry Armor Level 2  
  188  14:14  Liberator  
  191  14:20  Liberator  
  194  14:27  Thor  
  200  14:37  Supply Depot  
  200  15:10  Refinery  
  173  16:01  SCV x3  
  176  16:05  Hi-Sec Auto Tracking  
  176  16:13  SCV x3  
  78  17:04  Marine  
  78  17:05  Marine x8  
  71  17:22  Marine x3  
  72  17:23  Marine x6  
  76  17:32  SCV  
  77  17:40  Marine x9  
  77  17:44  SCV  
  84  17:56  SCV  
  84  17:57  Marine  
  84  17:58  Marine x8  
  90  18:08  SCV  
  88  18:16  Marine  
  64  19:01  Command Center  
  49  19:28  Marine  
  49  19:29  Marine x7  
  57  19:46  Marine x6  
  57  19:47  Marine x2  
Tags
 
Matchup
TvT
Race
Terran
Replay Pack
DaveSC2
Spawn Locations
Close Positions
Add a new tag
Caveats
  • Supply blocks, unpowered buildings, or Contaminate may cause inaccurate times.
  • Supply counts are checked every 10 seconds.